 Dungeon Crawl Stone Soup version 0.30-a0-570-g486de37d69 (webtiles) character file.

Game seed: 2787846183031585382

87 tilp the Shield-Bearer (level 5, -1/46 HPs)
             Began as a Meteoran Fighter on Dec 29, 2022.
             Succumbed to a scorpion's poison
             ... on level 4 of the Dungeon.
             The game lasted 00:02:29 (377 turns).

tilp the Shield-Bearer (Meteoran Fighter)            Turns: 377, Time: 00:02:30

Health: -1/46      AC:  7    Str: 17    XL:     5   Next: 8%
Magic:  6/6        EV: 10    Int: 10    God:
Gold:   43         SH:  5    Dex: 15    Spells: 4/4 levels left

rFire   . . .      SeeInvis .    a - +0 long sword
rCold   . . .      Faith    .    c - +0 buckler
rNeg    . . .      Spirit   .    i - +0 scale mail
rPois   .          Reflect  .    (no helmet)
rElec   .          Harm     .    (no cloak)
rCorr   .          Rampage  .    (no gloves)
Will    .....                    (no boots) Stlth
                                 (no amulet)
HPRegen 0.27/turn                (no ring)
MPRegen 0.10/turn                (no ring)

@: brilliant, lethally poisoned (-1 -> -8), glowing
A: sense surroundings 1, otherworldly, glowing, explore regen
a: no special abilities


You were on level 4 of the Dungeon.
You visited 1 branch of the dungeon, and saw 4 of its levels.

You collected 43 gold pieces.

Inventory:

Hand Weapons
 a - a +0 long sword (weapon)
 b - a +0 falchion of holy wrath
Missiles
 k - 3 boomerangs (quivered)
Armour
 c - a +0 buckler (worn)
 i - a +0 scale mail (worn)
Scrolls
 e - a scroll of amnesia {unknown}
 f - a scroll of enchant weapon {unknown}
 h - a scroll of identify {unknown}
 j - a scroll of teleportation {unknown}
Potions
 d - a potion of might


   Skills:
 + Level 3.7 Fighting
 + Level 3.0 Long Blades
 - Level 4.0 Armour
 * Level 2.7 Dodging
 + Level 1.0 Stealth
 - Level 4.0 Shields


You had 4 spell levels left.
You didn't know any spells.
Your spell library was empty.

Dungeon Overview and Level Annotations

Branches:
Dungeon (4/15) Zot: 1998
 Temple: D:4-7

Altars:


Innate Abilities, Weirdness & Mutations

You passively map a small area around you.
You are easily found by Zot.
You glow in the dark.
You regain HP and MP as you explore.


Message History

Your Stealth skill increases to level 1!
A scorpion comes into view.
The scorpion stings you.
You are poisoned.
The scorpion poisons you! The scorpion stings you.
You are more poisoned.
The scorpion poisons you!
You feel very sick. The scorpion stings you.
You are lethally poisoned!
The scorpion poisons you!
You barely miss the scorpion.
* * * LOW HITPOINT WARNING * * *
You feel extremely sick. The scorpion barely misses you.
You barely miss the scorpion.
* * * LOW HITPOINT WARNING * * *
You feel very sick. The scorpion stings you.
* * * LOW HITPOINT WARNING * * *
The scorpion stings you.
* * * LOW HITPOINT WARNING * * *
Unknown command.
It was a potion of brilliance.
You feel clever all of a sudden.
* * * LOW HITPOINT WARNING * * *
You feel very sick. The scorpion closely misses you.
Unknown command.
You hit the scorpion.
The scorpion is lightly wounded.
* * * LOW HITPOINT WARNING * * *
You feel very sick. You block the scorpion's attack.
The scorpion stings you but does no damage.
Unknown command.
Unknown command.
You barely miss the scorpion.
The scorpion is lightly wounded.
You die...

.... , ##..... ,,,
..### ###......., ***
....## * ,
#........., #...... ,
....# #.., * .......
..# #..## .......
..## *#..## ##.......
, * ...###
*#..####s....... , *
.....## ##......@...#
* ,
###...###.####....###
* ###...#.# #..##.# ,
####.## *#.## ## *
### *.## ##


You could see a scorpion.

Vanquished Creatures
  An iguana (D:2)
  An orc wizard (D:3)
  A worm (D:2)
  A dart slug (D:4)
  7 orcs
  A ball python (D:4)
  An endoplasm (D:2)
  A giant cockroach (D:3)
  2 goblins (D:1)
  A hobgoblin (D:3)
  2 jackals (D:2)
  2 kobolds
  A frilled lizard (D:2)
  2 rats
24 creatures vanquished.

Notes
Turn   | Place    | Note
-------+----------+-------------------------------------------
     0 | D:1      | tilp the Meteoran Fighter began the quest for the Orb.
     0 | D:1      | Reached XP level 1. HP: 19/19 MP: 2/2
    92 | D:2      | Reached XP level 2. HP: 24/26 MP: 3/3
   111 | D:2      | Reached skill level 1 in Dodging
   184 | D:2      | Reached XP level 3. HP: 10/31 MP: 4/4
   227 | D:3      | Reached XP level 4. HP: 38/38 MP: 5/5
   313 | D:4      | Reached XP level 5. HP: 42/46 MP: 6/6
   359 | D:4      | Reached skill level 1 in Stealth
   376 | D:4      | HP: 1/46 [poisoned by a scorpion]
   377 | D:4      | Succumbed to a scorpion's poison

Illustrated notes

Levels and vault maps discovered:
D:1:      minmay_arrival_split_and_join, layout_loops_corners,
          chequers_ecumenical_altar_grove, nicolae_shop_vocational
D:2:      layout_loops_ring
D:3:      layout_rooms, serial_shops, nicolae_shop_stone,
          kennysheep_generic_room_10
D:4:      layout_layer_cave, gammafunk_ghost_stat_death, uniq_pikel

Skill      XL: |  1  2  3  4  5 |
---------------+----------------+-----
Dodging        | 2 |  2.7
Shields        | 4 |  4.0
Long Blades    | 3 |  3.0
Armour         | 4 |  4.0
Stealth        | 1 |  1.0
Fighting       | |  3.7

Action                   |  1- 3 |  4- 6 || total
-------------------------+-------+-------++-------
Melee: Long sword        |    32 |    45 ||    77
  Use: Potion            |       |     1 ||     1
Armor: Scale mail        |     9 |    18 ||    27
Dodge: Dodged            |     9 |     6 ||    15
Block: Buckler           |     6 |    13 ||    19

Table legend: (Time is in decaauts)
 A = Elapsed time spent in this place.
 B = Non-inter-level travel time spent in this place.
 C = Inter-level travel time spent in this place.
 D = Time resting spent in this place.
 E = Time spent auto-exploring this place.
 F = Levels seen in this place.
 G = Mean time per level.
                   A        B        C        D        E       F      G
               +--------+--------+--------+--------+--------+-----+--------+
         Total |    401 |    401 |      0 |      0 |      0 |   4 |  100.2 |
       Dungeon |    401 |    401 |      0 |      0 |      0 |   4 |  100.2 |
               +--------+--------+--------+--------+--------+-----+--------+

Top non-repeatable levels by time:
     D:2: 137 daAuts
     D:3: 98 daAuts
     D:1: 87 daAuts
     D:4: 78 daAuts
